AoeStats
← bryant4f

Arabia

503273167Analyzed
3v3 RM · 2mo ago on Aug 30, 2026· 49m 14s· 6 players
Game mode
Random Map
Map size
Normal (6 player)
Population
200
Speed
Normal
Resources
Standard
Victory
Conquest
Starting age
Dark Age
Ending age
Imperial Age
RankedLock teamsTeams togetherTeam positionsShared explorationLock speedFull tech treeHidden civsTurbo modeCheats
Victory
Defeat
🇵🇪 Japanese · Peru
1136
+15
🇩🇿 Portuguese · Algeria
1126
+15
🇪🇸 Huns · Spain
1056
+18
vs
🇺🇸 Saracens · United States
1111
-16
🇺🇸 Burgundians · United States
1102
-16
🇦🇺 Portuguese · Australia
1101
-16
bryant4f
4:28 Loom
10:42 Feudal Age
20:39 Fletching
21:50 Padded Archer Armor
30:32 Castle Age
28:28 Horse Collar
29:19 Double-Bit Axe
29:26 Gold Mining
31:47 Gold Shaft Mining
30:34 Crossbowman
36:32 Leather Archer Armor
37:01 Bodkin Arrow
38:57 Wheelbarrow
39:35 Thumb Ring
39:53 Ballistics
40:12 Hand Cart
43:51 Town Watch
Felipudy
2:38 Loom
13:01 Feudal Age
20:05 Castle Age
19:02 Double-Bit Axe
23:05 Horse Collar
24:53 Cavalier
26:29 Gold Mining
27:14 Scale Barding Armor
30:16 Bow Saw
31:59 Heavy Plow
32:55 Chain Barding Armor
35:45 Two-Man Saw
34:58 Forging
36:15 Iron Casting
Welcome
8:13 Loom
11:16 Feudal Age
17:51 Gold Mining
17:49 Double-Bit Axe
19:07 Horse Collar
21:44 Wheelbarrow
26:07 Castle Age
26:16 Crossbowman
26:49 Fletching
27:00 Padded Archer Armor
29:11 Leather Archer Armor
29:27 Ballistics
32:21 Bodkin Arrow
32:39 Masonry
32:58 Thumb Ring
34:19 Hand Cart
34:45 Scale Mail Armor
36:05 Town Watch
36:43 Pikeman
40:35 Imperial Age
38:38 Bow Saw
38:35 Heavy Plow
41:03 Elite Organ Gun
42:03 Town Patrol
43:46 Halberdier
44:45 Chain Mail Armor
44:41 Forging
46:46 Plate Mail Armor
46:53 Iron Casting
46:48 Conscription
49:08 Chemistry
48:14 Siege Engineers
Isaki
8:12 Loom
10:58 Feudal Age
12:46 Double-Bit Axe
15:10 Forging
15:07 Scale Barding Armor
14:50 Horse Collar
15:25 Town Watch
22:28 Castle Age
21:11 Stone Mining
21:14 Gold Mining
21:37 Bloodlines
22:21 Fletching
23:48 Bow Saw
26:23 Chain Barding Armor
28:37 Husbandry
30:22 Marauders
31:52 Iron Casting
39:05 Imperial Age
39:54 Elite Tarkan
43:27 Conscription
46:26 Plate Barding Armor
46:52 Blast Furnace
48:32 Bodkin Arrow
Harder&Faster
10:59 Feudal Age
11:20 Man-at-Arms
11:51 Loom
12:15 Arson
12:45 Double-Bit Axe
15:51 Scale Mail Armor
16:42 Forging
22:13 Horse Collar
25:26 Castle Age
24:10 Stone Mining
26:20 Gambesons
26:51 Chain Mail Armor
27:21 Squires
26:44 Long Swordsman
27:09 Pikeman
28:32 Iron Casting
29:18 Fletching
32:53 Wheelbarrow
34:05 Hand Cart
33:43 Gold Mining
33:50 Town Watch
42:49 Imperial Age
41:57 Murder Holes
42:58 Capped Ram
43:23 Two-Handed Swordsman
44:09 Bodkin Arrow
46:01 Plate Mail Armor
49:17 Town Patrol
ayoubDZtv
4:37 Loom
13:47 Feudal Age
14:52 Double-Bit Axe
17:13 Fletching
22:12 Padded Archer Armor
25:01 Castle Age
32:14 Elite Skirmisher
34:29 Bodkin Arrow
42:38 Horse Collar
46:46 Ballistics
48:27 Bow Saw
49:35 Leather Archer Armor
Connection lost

Rejoining the realm…

Still unreachable

The connection could not be restored.

Session expired

The server has moved on; the page needs a fresh start.